 Dungeon Crawl Stone Soup version 0.28-a0-664-gc179e30c89 (webtiles) character file.

Game seed: 528930406017842719

549 siradein the Shield-Bearer (level 7, -14/44 HPs)
             Began as a Gargoyle Fighter on Oct 17, 2021.
             Was an Initiate of Okawaru.
             Demolished by an ogre (22 damage)
             ... on level 5 of the Dungeon.
             The game lasted 00:07:52 (5453 turns).

siradein the Shield-Bearer (Gargoyle Fighter)       Turns: 5453, Time: 00:07:52

Health: -14/44     AC: 17    Str: 20    XL:     7   Next: 28%
Magic:  7/7        EV:  7    Int:  9    God:    Okawaru [......]
Gold:   280        SH:  4    Dex:  5    Spells: 6/6 levels left

rFire   . . .      SeeInvis +   a - +0 long sword
rCold   + . .      Faith    .   c - +0 buckler
rNeg    + . .      Spirit   .   t - +0 chain mail
rPois   ∞          Reflect  .   r - +0 helmet
rElec   +          Harm     .   (no cloak)
rCorr   .          Rampage  .   o - +0 pair of gloves
Will    .....                   (no boots)
Stlth   ..........              (no amulet)
HPRegen 0.14/turn               s - ring "Riylok" {rPois rC+ Dex-5 SInv Stlth+}
MPRegen 0.10/turn               (no ring)

@: no status effects
A: sickness immunity, AC +4, negative energy resistance 1, electricity
resistance, torment resistance 1, petrification resistance
a: Renounce Religion


You were on level 5 of the Dungeon.
You worshipped Okawaru.
Okawaru was noncommittal.
You visited 2 branches of the dungeon, and saw 6 of its levels.

You collected 280 gold pieces.

Inventory:

Hand Weapons
 a - a +0 long sword (weapon)
 f - a +2 hunting sling of freezing
Missiles
 g - 114 stones
 n - 34 poisoned darts (quivered)
Armour
 c - a +0 buckler (worn)
 o - a +0 pair of gloves (worn)
 r - a +0 helmet (worn)
 t - a +0 chain mail (worn)
Jewellery
 s - the ring "Riylok" (left hand) {rPois rC+ Dex-5 SInv Stlth+}
   (You found it on level 4 of the Dungeon)

   [ring of protection from cold]

   Dex:       It affects your dexterity (-5).
   rC:        It protects you from cold.
   rPois:     It protects you from poison.
   SInv:      It lets you see invisible.
   Stlth:     It makes you more stealthy.
Scrolls
 h - a scroll of torment {unknown}
 i - a scroll of fog {unknown}
 k - 3 scrolls of fear {unknown}
 l - a scroll of enchant armour {unknown}
 m - 2 scrolls of enchant weapon {unknown}
 p - 3 scrolls of identify {unknown}
 u - 2 scrolls of acquirement {unknown}
 v - a scroll of noise {unknown}
 w - a scroll of immolation {unknown}
 x - a scroll of teleportation {unknown}
Potions
 b - a potion of degeneration {unknown}
 d - a potion of might
 e - 3 potions of brilliance {unknown}
 j - 2 potions of curing {unknown}
 q - a potion of magic {unknown}


   Skills:
 + Level 4.9 Fighting
 + Level 3.5 Long Blades
 + Level 2.6 Slings
 + Level 4.8 Armour
 + Level 4.9 Shields
 + Level 1.0 Invocations


You had 6 spell levels left.
You didn't know any spells.
Your spell library was empty.

Dungeon Overview and Level Annotations

Branches:
Dungeon (5/15)             Temple (1/1) D:4

Altars:
Cheibriados
Dithmenos
Elyvilon
Hepliaklqana
Kikubaaqudgha
Makhleb
Okawaru
Qazlal
Ru
Sif Muna
Trog
Xom
Yredelemnul
Zin
The Shining One

Annotations:
D:4 2 runed translucent doors, AlleluiaPinecone's ghost, amateur MiBe


Innate Abilities, Weirdness & Mutations

You are immune to sickness and miasma.
Your stone body is resilient. (AC +4)
You are immune to poison.
You resist negative energy. (rN+)
You are resistant to electric shocks. (rElec)
You are resistant to unholy torment.
You are immune to petrification.


Message History

Press: ? - help, Q - select action, (/) - cycle Shift-Dir - straight line, f - ogre
Aim: an ogre, wielding a +0 giant spiked club (69% to hit)
You throw a poisoned dart. The poisoned dart hits the ogre.
The ogre is poisoned.
The ogre barely misses you.
Throw: 37 darts (poison)
Press: ? - help, Q - select action, (/) - cycle Shift-Dir - straight line, f/p - ogre
Aim: an ogre, wielding a +0 giant spiked club (lightly wounded, poisoned, 69% to hit)
You throw a poisoned dart. The poisoned dart hits the ogre.
The ogre is lightly wounded.
Throw: 36 darts (poison)
Press: ? - help, Q - select action, (/) - cycle Shift-Dir - straight line, f/p - ogre
Aim: an ogre, wielding a +0 giant spiked club (moderately wounded, poisoned, 70% to hit)
You throw a poisoned dart. The poisoned dart hits the ogre.
The ogre looks even sicker.
The ogre is moderately wounded.
The ogre hits you with a +0 giant spiked club.
Throw: 35 darts (poison)
Press: ? - help, Q - select action, (/) - cycle Shift-Dir - straight line, f/p - ogre
Aim: an ogre, wielding a +0 giant spiked club (heavily wounded, poisoned, 70% to hit)
You throw a poisoned dart. The poisoned dart hits the ogre.
The ogre looks even sicker.
The ogre is heavily wounded.
The ogre hits you with a +0 giant spiked club!
Things that are here:
a +0 mace; a boomerang; an orc corpse
Items here: )) [ ††.
The ogre looks more healthy.
You hit the ogre.
The ogre is almost dead.
The ogre hits you with a +0 giant spiked club!
You barely miss the ogre.
The ogre is almost dead.
The ogre hits you with a +0 giant spiked club!
* * * LOW HITPOINT WARNING * * *
Your chain mail prevents you from hitting the ogre.
The ogre is almost dead.
The ogre hits you with a +0 giant spiked club!!
Ouch! That really hurt!
You die...

#......#.......# #
......#####..#####..#######
#####...... #.[####........##
....#..... #..............##
....##... #....##........##
....##..# #....####'#######
....##..# #.#####..........
....##..#########.###.#.#.###....
........##.....O@................
..............###................
#.<......#.##.###.#####.#........
#.....÷....##....................
#>......#..###.......#....#......
##......#..##........#....##.....
...........##........#....#....##
##.####.##..#........####.#.#..#
#.# ...............# #.#.#..#


You could see an ogre.

Vanquished Creatures
  A water moccasin zombie (D:5)
  4 hounds
  A jelly (D:4)
  2 orc priests (D:5)
  3 iguanas
  2 orc wizards
  A hound skeleton (D:5)
  A howler monkey zombie (D:5)
  4 adders
  An adder skeleton (D:4)
  2 worms
  10 orcs
  8 ball pythons
  An endoplasm (D:3)
  7 giant cockroaches
  6 goblins
  7 hobgoblins
  7 jackals
  4 quokkas
  2 bats
  6 frilled lizards
  5 kobolds
  9 rats
94 creatures vanquished.

Vanquished Creatures (others)
  A plant (D:1)
1 creature vanquished.

Grand Total: 95 creatures vanquished

Notes
Turn   | Place    | Note
-------+----------+-------------------------------------------
     0 | D:1      | siradein the Gargoyle Fighter began the quest for the Orb.
     0 | D:1      | Reached XP level 1. HP: 14/14 MP: 1/1
   199 | D:1      | Reached XP level 2. HP: 19/19 MP: 2/2
  1019 | D:1      | Reached XP level 3. HP: 22/23 MP: 3/3
  1977 | D:2      | Reached skill level 1 in Slings
  1977 | D:2      | Reached XP level 4. HP: 20/29 MP: 4/4
  2513 | D:3      | Found a shadowy altar of Dithmenos.
  2948 | D:3      | Reached XP level 5. HP: 31/33 MP: 5/5
  3473 | D:4      | You fall into a shaft and drop 1 floor!
  3473 | D:5      | Entered Level 5 of the Dungeon
  3603 | D:4      | Identified the ring "Riylok" {rPois rC+ Dex-5 SInv Stlth+}
  4121 | D:4      | Found a runed translucent door.
  4125 | D:4      | Noticed AlleluiaPinecone's ghost (amateur MiBe)
  4184 | D:4      | Reached XP level 6. HP: 29/39 MP: 6/6
  4286 | D:4      | Found a staircase to the Ecumenical Temple.
  4320 | Temple   | Entered the Ecumenical Temple
  4409 | Temple   | Became a worshipper of Warmaster Okawaru
  4526 | D:4      | Found a runed translucent door.
  4731 | D:4      | Found a glowing golden altar of the Shining One.
  5144 | D:5      | Reached XP level 7. HP: 32/44 MP: 7/7
  5297 | D:5      | Reached skill level 1 in Invocations
  5453 | D:5      | Demolished by an ogre

Illustrated notes

Levels and vault maps discovered:
D:1:      tarquinn_simple_flora_water_f, layout_basic, serial_forest,
          infiniplex_forest_diagonal, infiniplex_forest_lined_ring,
          infiniplex_forest_end_1, infiniplex_forest_clump_tiny,
          infiniplex_forest_lined_corner, infiniplex_forest_lined_ring,
          infiniplex_forest_straight_2, infiniplex_forest_clump_tiny,
          st_stairs_4
D:2:      layout_loops_corners, kennysheep_generic_room_6
D:3:      layout_loops_ring, nicolae_dithmenos_through_a_glass_darkly
D:4:      layout_basic, lemuel_coloured_pillars_altar,
          minmay_temple_entry_glass, ebering_ghost_sewer_f,
          minmay_misc_feat_plants, serial_bayou_crossing
D:5:      layout_basic
Temple:   dshaligram_water_room_temple

Skill      XL: |  1  2  3  4  5  6  7 |
---------------+----------------------+-----
Long Blades    | 2 3 |  3.5
Slings         | 1 2 |  2.6
Shields        | 4 |  4.9
Fighting       | 4 |  4.9
Armour         | 4 |  4.8
Invocations    | 1 |  1.0

Action                   |  1- 3 |  4- 6 |  7- 9 || total
-------------------------+-------+-------+-------++-------
Melee: Long sword        |   164 |   190 |    30 ||   384
 Fire: Hunting sling     |     4 |    12 |       ||    16
Throw: Dart              |       |     1 |     4 ||     5
Armor: Scale mail        |    80 |    42 |       ||   122
       Chain mail        |       |    72 |    22 ||    94
Dodge: Dodged            |    74 |    73 |    11 ||   158
Block: Buckler           |    32 |    49 |       ||    81

Table legend: (Time is in decaauts)
 A = Elapsed time spent in this place.
 B = Non-inter-level travel time spent in this place.
 C = Inter-level travel time spent in this place.
 D = Time resting spent in this place.
 E = Time spent auto-exploring this place.
 F = Levels seen in this place.
 G = Mean time per level.
                   A        B        C        D        E       F      G
               +--------+--------+--------+--------+--------+-----+--------+
         Total |   5570 |   5345 |    225 |    305 |   3993 |   6 |  928.3 |
       Dungeon |   5439 |   5214 |    225 |    305 |   3898 |   5 | 1087.8 |
        Temple |    130 |    130 |      0 |      0 |     95 |   1 |  130.0 |
               +--------+--------+--------+--------+--------+-----+--------+

Top non-repeatable levels by time:
     D:1: 1293 daAuts
     D:2: 1241 daAuts
     D:5: 1022 daAuts
     D:3: 942 daAuts
     D:4: 941 daAuts
  Temple: 130 daAuts
